| TOP OF THE 1ST |
|
Oklahoma State University Cowboys batting - Pitching for Wichita State University Shockers : RHP Muckle Wildriver
|
|
Pitching: RHP Muckle Wildriver
|
|
|
Batting: RHB Josh Hopp
|
0-0: Foul Ball, location: 2F 0-1: Called Strike 0-2: Ball 1-2: Foul Ball, location: 2F 1-2: Ball 2-2: Foul Ball, location: 2F 2-2: Ground out U3 (Groundball, 34S, EV 92.5 MPH)
|
|
Batting: LHB Orlando Rivera
|
0-0: Foul Ball, location: 2F 0-1: Ball 1-1: Foul Ball, location: 2F 1-2: Foul Ball, location: 2F 1-2: Foul Ball, location: 2F 1-2: Strikes out swinging
|
|
Batting: LHB John Fortin
|
0-0: Foul Ball, location: 2F 0-1: Swinging Strike 0-2: Foul Ball, location: 2F 0-2: Ball 1-2: Foul Ball, location: 2F 1-2: Ball 2-2: Ground out 4-3 (Groundball, 4, EV 81.3 MPH)
|
| Top of the 1st over - 0 runs, 0 hits, 0 errors, 0 left on base; Oklahoma State University 0 - Wichita State University 0 |
| BOTTOM OF THE 1ST |
|
Wichita State University Shockers batting - Pitching for Oklahoma State University Cowboys : LHP Josh Bologna
|
|
Pitching: LHP Josh Bologna
|
|
|
Batting: RHB Jonathan Iniguez
|
0-0: Called Strike 0-1: Called Strike 0-2: Ball 1-2: Fly out, F8 (Line Drive, 8RM, EV 85.0 MPH)
|
|
Batting: RHB Kieron Clark
|
0-0: Fly out, F8 (Line Drive, 8RM, EV 93.1 MPH)
|
|
Batting: RHB Zach Maguire
|
0-0: Called Strike 0-1: Foul Ball, location: 2LF, Error on foul ball, E2 0-2: Ball 1-2: Ball 2-2: Ball 3-2: Fly out, F8 (Flyball, 8LXD, EV 83.1 MPH)
|
| Bottom of the 1st over - 0 runs, 0 hits, 1 error, 0 left on base; Oklahoma State University 0 - Wichita State University 0 |
| TOP OF THE 2ND |
|
Oklahoma State University Cowboys batting - Pitching for Wichita State University Shockers : RHP Muckle Wildriver
|
|
Batting: RHB Kinzo Yokoyama
|
0-0: Called Strike 0-1: Ground out 1-3 (Groundball, 25, EV 66.9 MPH)
|
|
Batting: LHB Ian Cranton
|
0-0: Called Strike 0-1: Called Strike 0-2: Strikes out swinging
|
|
Batting: RHB Wiliama Dana
|
0-0: Called Strike 0-1: Ball 1-1: Called Strike 1-2: SINGLE (Line Drive, 9S, EV 86.9 MPH)
|
|
Batting: SHB Chris Wagler
|
0-0: Ball Wiliama Dana is caught stealing 2nd base 2-6
|
| Top of the 2nd over - 0 runs, 1 hit, 0 errors, 0 left on base; Oklahoma State University 0 - Wichita State University 0 |
| BOTTOM OF THE 2ND |
|
Wichita State University Shockers batting - Pitching for Oklahoma State University Cowboys : LHP Josh Bologna
|
|
Batting: LHB Sam Williams
|
0-0: Ball 1-0: Called Strike 1-1: Foul Ball, location: 2F 1-2: Fly out, F7 (Flyball, 7S, EV 79.4 MPH)
|
|
Batting: RHB Alex Campos
|
0-0: Called Strike 0-1: Ball 1-1: Ball 2-1: Ground out 4-3 (Groundball, 4S, EV 76.3 MPH)
|
|
Batting: RHB Manny Hensley
|
0-0: Ball 1-0: Ground out 5-3 (Groundball, 56, EV 84.4 MPH)
|
| Bottom of the 2nd over - 0 runs, 0 hits, 0 errors, 0 left on base; Oklahoma State University 0 - Wichita State University 0 |
| TOP OF THE 3RD |
|
Oklahoma State University Cowboys batting - Pitching for Wichita State University Shockers : RHP Muckle Wildriver
|
|
Batting: SHB Chris Wagler
|
0-0: Foul Ball, location: 2F 0-1: Swinging Strike 0-2: Strikes out swinging
|
|
Batting: RHB Larry Clark
|
0-0: Called Strike 0-1: Ball 1-1: SINGLE (Groundball, 6MS, EV 66.9 MPH) (infield hit)
|
|
Batting: SHB Greg Shaw
|
0-0: Called Strike Larry Clark is caught stealing 2nd base 2-6 0-1: Swinging Strike 0-2: Ball 1-2: Foul Ball, location: 2F 1-2: Strikes out swinging
|
| Top of the 3rd over - 0 runs, 1 hit, 0 errors, 0 left on base; Oklahoma State University 0 - Wichita State University 0 |
| BOTTOM OF THE 3RD |
|
Wichita State University Shockers batting - Pitching for Oklahoma State University Cowboys : LHP Josh Bologna
|
|
Batting: RHB Nick Gossman
|
0-0: Ball 1-0: Reached via error on a dropped throw from 1B, E1 (Groundball, 13, EV 87.5 MPH)
|
|
Batting: RHB Taffounnout Kame
|
0-0: Fly out, F9 (Flyball, 9D, EV 83.8 MPH)
|
|
Batting: SHB Houston Phillips
|
0-0: Ball 1-0: Called Strike 1-1: Ball 2-1: Foul Ball, location: 2F 2-2: Foul Ball, location: 2F 2-2: Strikes out swinging
|
|
Batting: RHB Jonathan Iniguez
|
0-0: Called Strike 0-1: Ball 1-1: Ground out 2-3 (Groundball, 2R, EV 64.4 MPH)
|
| Bottom of the 3rd over - 0 runs, 0 hits, 1 error, 1 left on base; Oklahoma State University 0 - Wichita State University 0 |
| TOP OF THE 4TH |
|
Oklahoma State University Cowboys batting - Pitching for Wichita State University Shockers : RHP Muckle Wildriver
|
|
Batting: RHB Josh Hopp
|
0-0: Ball 1-0: Foul Ball, location: 2F 1-1: Ball 2-1: Ball 3-1: Fly out, F7 (Flyball, 7, EV 91.3 MPH)
|
|
Batting: LHB Orlando Rivera
|
0-0: Called Strike 0-1: Called Strike 0-2: Strikes out swinging
|
|
Batting: LHB John Fortin
|
0-0: Ball 1-0: Called Strike 1-1: Swinging Strike 1-2: Foul Ball, location: 2F 1-2: Foul Ball, location: 2F 1-2: Foul Ball, location: 2F 1-2: Strikes out swinging
|
| Top of the 4th over - 0 runs, 0 hits, 0 errors, 0 left on base; Oklahoma State University 0 - Wichita State University 0 |
| BOTTOM OF THE 4TH |
|
Wichita State University Shockers batting - Pitching for Oklahoma State University Cowboys : LHP Josh Bologna
|
|
Batting: RHB Kieron Clark
|
0-0: Ball 1-0: Foul Ball, location: 2F 1-1: Ground out 4-3 (Groundball, 4, EV 83.1 MPH)
|
|
Batting: RHB Zach Maguire
|
0-0: Ball 1-0: Called Strike 1-1: Ground out 6-3 (Groundball, 6, EV 87.5 MPH)
|
|
Batting: LHB Sam Williams
|
0-0: Called Strike 0-1: DOUBLE (Flyball, 8RXD, EV 86.3 MPH)
|
|
Batting: RHB Alex Campos
|
0-0: Ball 1-0: Ball 2-0: Called Strike 2-1: Foul Ball, location: 2F 2-2: Fly out, F8 (Flyball, 78S, EV 91.3 MPH)
|
| Bottom of the 4th over - 0 runs, 1 hit, 0 errors, 1 left on base; Oklahoma State University 0 - Wichita State University 0 |
| TOP OF THE 5TH |
|
Oklahoma State University Cowboys batting - Pitching for Wichita State University Shockers : RHP Muckle Wildriver
|
|
Batting: RHB Kinzo Yokoyama
|
0-0: Foul Ball, location: 2F 0-1: Fly out, F7 (Flyball, 7LS, EV 80.6 MPH)
|
|
Batting: LHB Ian Cranton
|
0-0: Foul Ball, location: 2F 0-1: Ball 1-1: Ball 2-1: Ball 3-1: Called Strike 3-2: Foul Ball, location: 2F 3-2: DOUBLE (Flyball, 8RXD, EV 108.1 MPH)
|
|
Batting: RHB Wiliama Dana
|
0-0: Called Strike 0-1: Ball 1-1: Swinging Strike 1-2: Strikes out swinging
|
|
Batting: SHB Chris Wagler
|
0-0: Ball 1-0: Ball 2-0: Called Strike 2-1: Called Strike 2-2: Ball 3-2: DOUBLE (Flyball, 7LD, EV 97.5 MPH) Ian Cranton scores
|
|
Pitching: RHP Franklin Vazquez
|
|
|
Batting: RHB Larry Clark
|
0-0: SINGLE (Line Drive, 78S, EV 97.5 MPH) Chris Wagler to third Runner from 3rd tries for Home, SAFE, throw by CF to home
|
|
Batting: SHB Greg Shaw
|
0-0: Foul Ball, location: 2F 0-1: Ball 1-1: Ball 2-1: Ground out 4-3 (Groundball, 4, EV 104.4 MPH)
|
| Top of the 5th over - 2 runs, 3 hits, 0 errors, 1 left on base; Oklahoma State University 2 - Wichita State University 0 |
| BOTTOM OF THE 5TH |
|
Wichita State University Shockers batting - Pitching for Oklahoma State University Cowboys : LHP Josh Bologna
|
|
Batting: RHB Manny Hensley
|
0-0: Foul Ball, location: 2F 0-1: Ball 1-1: Swinging Strike 1-2: Ball 2-2: Foul Ball, location: 2F 2-2: Ball 3-2: Base on Balls
|
|
Batting: RHB Nick Gossman
|
0-0: Called Strike 0-1: Swinging Strike 0-2: Strikes out swinging
|
|
Batting: RHB Taffounnout Kame
|
0-0: Ball 1-0: Called Strike 1-1: Foul Ball, location: 2F 1-2: Ball 2-2: Ball 3-2: Strikes out looking
|
|
Batting: SHB Houston Phillips
|
0-0: Ball 1-0: Fly out, F7 (Flyball, 7LS, EV 85.6 MPH)
|
| Bottom of the 5th over - 0 runs, 0 hits, 0 errors, 1 left on base; Oklahoma State University 2 - Wichita State University 0 |
| TOP OF THE 6TH |
|
Oklahoma State University Cowboys batting - Pitching for Wichita State University Shockers : RHP Franklin Vazquez
|
|
Batting: RHB Josh Hopp
|
0-0: Ball 1-0: Foul Ball, location: 2F 1-1: Ball 2-1: Foul Ball, location: 2F 2-2: SINGLE (Groundball, 56, EV 98.8 MPH)
|
|
Batting: LHB Orlando Rivera
|
0-0: Foul Ball, location: 2F 0-1: Ball 1-1: Sac Bunt to P - play at first, batter OUT! 1-4 Josh Hopp to second
|
|
Batting: LHB John Fortin
|
0-0: Called Strike 0-1: Foul Ball, location: 2F 0-2: Ball 1-2: Ball 2-2: Foul Ball, location: 2F 2-2: Ball 3-2: SINGLE (Groundball, 13S, EV 71.9 MPH) (infield hit) Josh Hopp to third
|
|
Batting: RHB Kinzo Yokoyama
|
0-0: SINGLE (Line Drive, 9LS, EV 96.3 MPH) Josh Hopp scores John Fortin to second Runner from 2nd tries for 3rd, SAFE, throw by RF made to third
|
|
Batting: LHB Ian Cranton
|
0-0: Ball 1-0: Foul Ball, location: 2F 1-1: Foul Ball, location: 2F 1-2: Strikes out swinging
|
|
Batting: RHB Wiliama Dana
|
0-0: Fly out, F9 (Line Drive, 9LM, EV 107.5 MPH)
|
| Top of the 6th over - 1 run, 3 hits, 0 errors, 2 left on base; Oklahoma State University 3 - Wichita State University 0 |
| BOTTOM OF THE 6TH |
|
Wichita State University Shockers batting - Pitching for Oklahoma State University Cowboys : LHP Josh Bologna
|
|
Batting: RHB Jonathan Iniguez
|
0-0: Ball 1-0: Foul Ball, location: 2F 1-1: Swinging Strike 1-2: Ball 2-2: Foul Ball, location: 2F 2-2: Foul Ball, location: 2F 2-2: Fly out, F3 (Popup, 34S, EV 80.6 MPH)
|
|
Batting: RHB Kieron Clark
|
0-0: Ground out 5-3 (Groundball, 5L, EV 85.6 MPH)
|
|
Batting: RHB Zach Maguire
|
0-0: Called Strike 0-1: Ball 1-1: Foul Ball, location: 2F 1-2: Ball 2-2: SINGLE (Line Drive, 78S, EV 95.6 MPH)
|
|
Pitching: RHP Roberto Lamadrid
|
|
|
Batting: LHB Sam Williams
|
0-0: Called Strike 0-1: Ball 1-1: Ball 2-1: Ground out 4-3 (Groundball, 4, EV 105.0 MPH)
|
| Bottom of the 6th over - 0 runs, 1 hit, 0 errors, 1 left on base; Oklahoma State University 3 - Wichita State University 0 |
| TOP OF THE 7TH |
|
Oklahoma State University Cowboys batting - Pitching for Wichita State University Shockers : RHP Franklin Vazquez
|
|
Batting: SHB Chris Wagler
|
0-0: Called Strike 0-1: Reached on error, E5 (Groundball, 56, EV 106.9 MPH)
|
|
Batting: RHB Larry Clark
|
0-0: Ball 1-0: Ball 2-0: Ball 3-0: Called Strike 3-1: SINGLE (Line Drive, 89S, EV 105.0 MPH) Chris Wagler to third
|
|
Batting: SHB Greg Shaw
|
0-0: Called Strike 0-1: Swinging Strike 0-2: Ball 1-2: DOUBLE (Groundball, 3L, EV 100.6 MPH) Chris Wagler scores Larry Clark to third Larry Clark scores
|
|
Pitching: RHP Hitoshi Morimoto
|
|
|
Batting: RHB Josh Hopp
|
0-0: Ball 1-0: Ball 2-0: Ball 3-0: Called Strike 3-1: Foul Ball, location: 2F 3-2: Foul Ball, location: 2F 3-2: Base on Balls
|
|
Batting: LHB Orlando Rivera
|
0-0: Ball Wild Pitch! Greg Shaw to third Josh Hopp to second 1-0: Called Strike 1-1: Foul Ball, location: 2F 1-2: Ground out 6-3 (Groundball, 6, EV 84.4 MPH) Greg Shaw scores Josh Hopp to third
|
|
Batting: LHB John Fortin
|
0-0: Ground out 4-3 (Groundball, 4M, EV 102.5 MPH) Josh Hopp scores
|
|
Batting: RHB Kinzo Yokoyama
|
0-0: Foul Ball, location: 2F 0-1: Ball 1-1: Ball 2-1: Ball 3-1: Fly out, F9 (Flyball, 9LM, EV 93.1 MPH)
|
| Top of the 7th over - 4 runs, 2 hits, 1 error, 0 left on base; Oklahoma State University 7 - Wichita State University 0 |
| BOTTOM OF THE 7TH |
|
Wichita State University Shockers batting - Pitching for Oklahoma State University Cowboys : RHP Roberto Lamadrid
|
|
Batting: RHB Alex Campos
|
0-0: Ball 1-0: Called Strike 1-1: Ground out 5-3 (Groundball, 56S, EV 87.5 MPH)
|
|
Batting: RHB Manny Hensley
|
0-0: Foul Ball, location: 2F 0-1: Ball 1-1: Foul Ball, location: 2F 1-2: Foul Ball, location: 2F 1-2: Fly out, F1 (Line Drive, P, EV 62.5 MPH)
|
|
Batting: RHB Nick Gossman
|
0-0: Foul Ball, location: 2F 0-1: Fly out, F8 (Flyball, 8RM, EV 88.8 MPH)
|
| Bottom of the 7th over - 0 runs, 0 hits, 0 errors, 0 left on base; Oklahoma State University 7 - Wichita State University 0 |
| TOP OF THE 8TH |
|
Oklahoma State University Cowboys batting - Pitching for Wichita State University Shockers : RHP Hitoshi Morimoto
|
|
Batting: LHB Ian Cranton
|
0-0: Called Strike 0-1: Ball 1-1: Ball 2-1: Ball 3-1: Foul Ball, location: 2F 3-2: Base on Balls
|
|
Pinch Hitting: RHB Mario Arriero
|
0-0: Ball 1-0: Grounds into double play, 5-4-3 (Groundball, 25, EV 85.0 MPH)
|
|
Pinch Hitting: RHB Josh Patterson
|
0-0: Swinging Strike 0-1: Ball 1-1: Called Strike 1-2: SINGLE (Groundball, 6S, EV 66.9 MPH) (infield hit)
|
|
Batting: RHB Larry Clark
|
0-0: Fielders Choice at 2nd, 5-4 (Groundball, 5L, EV 80.6 MPH)
|
| Top of the 8th over - 0 runs, 1 hit, 0 errors, 1 left on base; Oklahoma State University 7 - Wichita State University 0 |
| BOTTOM OF THE 8TH |
|
Wichita State University Shockers batting - Pitching for Oklahoma State University Cowboys : RHP Roberto Lamadrid
|
|
Now at 2B: Tyler Maddux
|
|
|
Now at 3B: Mario Arriero
|
|
|
Pinch Hitting: RHB Bill Nguyen-Tan
|
0-0: Swinging Strike 0-1: Ball 1-1: Fly out, F3 (Line Drive, 3, EV 68.1 MPH)
|
|
Batting: SHB Houston Phillips
|
0-0: Called Strike 0-1: Ball 1-1: Ball 2-1: Foul Ball, location: 2F 2-2: Strikes out swinging
|
|
Pinch Hitting: LHB Steve LeGrand
|
0-0: Called Strike 0-1: Foul Ball, location: 2F 0-2: Foul Ball, location: 2F 0-2: Ball 1-2: Ball 2-2: Fly out, F8 (Flyball, 89M, EV 87.5 MPH)
|
| Bottom of the 8th over - 0 runs, 0 hits, 0 errors, 0 left on base; Oklahoma State University 7 - Wichita State University 0 |
| TOP OF THE 9TH |
|
Oklahoma State University Cowboys batting - Pitching for Wichita State University Shockers : RHP Hitoshi Morimoto
|
|
Now in LF: Steve LeGrand
|
|
|
Now in RF: Bill Nguyen-Tan
|
|
|
Batting: SHB Greg Shaw
|
0-0: Ball 1-0: Called Strike 1-1: Ball 2-1: DOUBLE (Groundball, 3L, EV 105.0 MPH)
|
|
Pitching: RHP Mark Fedor
|
|
|
Batting: RHB Josh Hopp
|
0-0: Fly out, F7 (Flyball, 7LS, EV 80.6 MPH)
|
|
Batting: LHB Orlando Rivera
|
0-0: 2-RUN HOME RUN (Flyball, 89XD, EV 102.5 MPH), Distance : 425 ft
|
|
Batting: LHB John Fortin
|
0-0: Ball 1-0: Called Strike 1-1: Fly out, F9 (Flyball, 89M, EV 93.8 MPH)
|
|
Batting: RHB Kinzo Yokoyama
|
0-0: Ball 1-0: Called Strike 1-1: Fly out, F4 (Popup, 34S, EV 73.1 MPH)
|
| Top of the 9th over - 2 runs, 2 hits, 0 errors, 0 left on base; Oklahoma State University 9 - Wichita State University 0 |
| BOTTOM OF THE 9TH |
|
Wichita State University Shockers batting - Pitching for Oklahoma State University Cowboys : RHP Roberto Lamadrid
|
|
Pinch Hitting: RHB Jason Baldwin
|
0-0: Ball 1-0: Ground out U3 (Groundball, 3, EV 86.9 MPH)
|
|
Batting: RHB Zach Maguire
|
0-0: Called Strike 0-1: Called Strike 0-2: Foul Ball, location: 2F 0-2: Ball 1-2: Ball 2-2: Ball 3-2: Foul Ball, location: 2F 3-2: Base on Balls
|
|
Pitching: LHP Adam Clarke
|
|
|
Pinch Hitting: RHB Caleb Wachtler
|
0-0: Swinging Strike 0-1: Swinging Strike 0-2: Hit by Pitch Zach Maguire to second
|
|
Batting: RHB Alex Campos
|
0-0: Ball 1-0: Called Strike 1-1: Foul Ball, location: 2F 1-2: Fly out, F9 (Flyball, 89S, EV 85.0 MPH)
|
|
Batting: RHB Manny Hensley
|
0-0: Ball 1-0: Called Strike 1-1: Foul Ball, location: 2F 1-2: Hit by Pitch Zach Maguire to third Caleb Wachtler to second
|
|
Batting: RHB Nick Gossman
|
0-0: Foul Ball, location: 2F 0-1: Ball 1-1: Ball 2-1: Ball 3-1: Base on Balls Zach Maguire scores Caleb Wachtler to third Manny Hensley to second
|
|
Batting: RHB Bill Nguyen-Tan
|
0-0: Ball 1-0: Foul Ball, location: 2F 1-1: Foul Ball, location: 2F 1-2: Foul Ball, location: 2F 1-2: Foul Ball, location: 2F 1-2: Ball 2-2: Ball 3-2: Foul Ball, location: 2F 3-2: Foul Ball, location: 2F 3-2: Fly out, F7 (Flyball, 78M, EV 92.5 MPH)
|
| Bottom of the 9th over - 1 run, 0 hits, 0 errors, 3 left on base; Oklahoma State University 9 - Wichita State University 1 |
|